 Dungeon Crawl Stone Soup version 0.30-a0-377-g5cb311bc9f (webtiles) character file.

Game seed: 14738420512991490617

326 KennySheep the Magician (level 6, -9/48 HPs)
             Began as a Djinni Cinder Acolyte on Nov 29, 2022.
             Was a High Priest of Ignis.
             Shot with an arrow by a centaur (11 damage)
             ... on level 5 of the Dungeon.
             The game lasted 00:08:01 (3611 turns).

KennySheep the Magician (Djinni Cinder Acolyte)     Turns: 3611, Time: 00:08:02

Health: -9/48      AC:  3    Str: 12 (13) XL:     6   Next: 79%
Gold:   276        EV: 11    Int: 17      God:    Ignis [*****.] SH:  5 Dex:  9

rFire   + + +      SeeInvis .      - Unarmed
rCold   x . .      Faith    .    (no shield)
rNeg    . . .      Spirit   .    a - +0 robe
rPois   ∞          Reflect  +    n - +0 helmet
rElec   .          Harm     .    (no cloak)
rCorr   .          Rampage  .    (no gloves)
Will    .....                    (boots unavailable)
Stlth   +.........               j - amulet of reflection
HPRegen 0.28/turn                (no ring)
MPRegen 0.00/turn                (no ring)

@: flying, unable to read
A: sickness immunity, fire resistance 2, cold vulnerability 1, float, innate
caster, HP casting, extra vitality 1, inability to read after injury 1
a: Renounce Religion, Fiery Armour, Foxfire Swarm, Rising Flame


You were on level 5 of the Dungeon.
You worshipped Ignis.
Ignis was extremely pleased with you.
You visited 1 branch of the dungeon, and saw 5 of its levels.

You collected 276 gold pieces.

Inventory:

Armour
 a - a +0 robe (worn)
 n - a +0 helmet (worn)
Jewellery
 j - an amulet of reflection (around neck)
Wands
 q - a wand of iceblast (7)
 v - a wand of quicksilver (13)
Scrolls
 b - a scroll of enchant weapon
 c - a scroll of immolation
 e - a scroll of blinking
 h - a scroll of poison {unknown}
 m - a scroll of noise {unknown}
 o - a scroll of fog
 r - a scroll of torment
 s - 2 scrolls of amnesia
Potions
 f - 3 potions of lignification
 g - a potion of might
 i - a potion of attraction {unknown}
 k - a potion of invisibility {unknown}
 l - a potion of degeneration
 u - 2 potions of haste {unknown}


   Skills:
 + Level 4.7 Fighting
 - Level 3.0 Unarmed Combat
 * Level 4.7 Spellcasting


You had 9 spell levels left.
You knew the following spells:

 Your Spells              Type           Power      Damage    Failure   Level
a - Scorch                Fire           38%        2d7       3%          2
b - Summon Small Mammal   Summ           76%        N/A       2%          1
c - Passwall              Tmut/Erth      15%        N/A       3%          2
Your spell library was empty.

Dungeon Overview and Level Annotations

Branches:
Dungeon (5/15)
 Temple: D:4-7

Altars:
Ashenzari
Gozag
Qazlal
Wu Jian
Yredelemnul

Shops:
D:2 [=[


Innate Abilities, Weirdness & Mutations

You are immune to sickness and miasma.
You are immune to poison.
Your flesh is very heat resistant. (rF++)
You are vulnerable to cold. (rC-)
You float through the air rather than walking.
You learn spells naturally, not from books.
Your magical power is your life essence.
You have superior vitality. (+4 MHP)
You occasionally lose the ability to read scrolls when taking damage.


Message History

Okay, then.
Okay, then.
As you read the scroll of fear, it crumbles to dust.
You assume a fearsome visage.
The scorpion looks frightened!
The adder looks frightened!
The centaur looks frightened!
Your bat hits the centaur.
Your bat's attack snaps the centaur out of its fear.
The centaur wields a +0 shortbow.
The centaur shoots an arrow.
The arrow barely misses you.
Your bat hits the centaur but does no damage.
The centaur is no longer more vulnerable to fire.
The centaur shoots an arrow.
The arrow hits you.
Your bat hits the centaur but does no damage.
Your bat hits the centaur but does no damage.
The centaur shoots an arrow.
The arrow hits your bat!
Your bat dies!
Your bat's corpse disappears in a puff of smoke!
The centaur shoots an arrow.
The arrow hits you!
You feel threatened and lose the ability to read scrolls!
* * * LOW HITPOINT WARNING * * *
The centaur shoots an arrow.
You reflect the arrow off an invisible shield around you!
The arrow closely misses the centaur.
You feel better.
Your magical contamination has completely faded away.
The centaur shoots an arrow.
The arrow hits you!
* * * LOW HITPOINT WARNING * * *
The centaur shoots an arrow.
The arrow hits you!
* * * LOW HITPOINT WARNING * * *
You feel better.
The centaur shoots an arrow.
The arrow hits you.
* * * LOW HITPOINT WARNING * * *
You cannot read scrolls in your current state!
The centaur shoots an arrow.
The arrow hits you!
* * * LOW HITPOINT WARNING * * *
You hear a shout!
There is a stone staircase leading up here.
The centaur shoots an arrow.
You reflect the arrow off an invisible shield around you!
The arrow hits the centaur!
The centaur shoots an arrow.
The arrow hits you!
You die...

................./
#........c#
#.......#.......
..##.....#.##S..###
.......c##........#
....[.#..######....
......##.# ....
......##.######....
........@....... ##
...<...###.#####
####### ... ....
..... .... ..).


You could see a centaur.

Vanquished Creatures
  2 scorpions (D:4)
  An orc priest (D:4)
  A hound (D:4)
  An iguana (D:4)
  2 adders (D:2)
  An ufetubus (D:4)
  2 worms
  2 dart slugs
  11 orcs
  6 endoplasms
  A giant cockroach (D:2)
  7 goblins
  9 hobgoblins
  3 jackals (D:2)
  5 quokkas
  7 ball pythons
  5 bats
  3 frilled lizards
  4 kobolds
  5 rats
78 creatures vanquished.

Vanquished Creatures (others)
  3 plants (D:4)
3 creatures vanquished.

Grand Total: 81 creatures vanquished

Notes
Turn   | Place    | Note
-------+----------+-------------------------------------------
     0 | D:1      | KennySheep the Djinni Cinder Acolyte began the quest for
                  | the Orb.
     0 | D:1      | KennySheep set off with the following spells memorised:
                  | Scorch.
     0 | D:1      | Reached XP level 1. HP: 20/20 MP: 0/0
   115 | D:1      | Reached XP level 2. HP: 25/25 MP: 0/0
   718 | D:2      | Reached XP level 3. HP: 28/30 MP: 0/0
   718 | D:2      | Learned a level 1 spell: Summon Small Mammal
   853 | D:2      | Found Xennig's Armour Boutique.
  1019 | D:2      | Found Nuaterhai's Jewellery Emporium.
  1085 | D:2      | Reached XP level 4. HP: 32/36 MP: 0/0
  1119 | D:2      | Found a faded altar of an unknown god.
  1311 | D:2      | Found Sutsol's Armour Shoppe.
  1403 | D:2      | Found an opulent altar of Gozag.
  1668 | D:3      | Found an ornate altar of the Wu Jian Council.
  1896 | D:3      | Found a broken altar of Ashenzari.
  2111 | D:3      | Found a stormy altar of Qazlal.
  2139 | D:3      | Gained mutation: Your body sometimes deteriorates upon
                  | taking damage. [potion of mutation]
  2139 | D:3      | Gained mutation: You have hidden genetic defects. [potion
                  | of mutation]
  2139 | D:3      | Gained mutation: You have a somewhat thin skeletal
                  | structure. (Dex +2, Stealth+) [potion of mutation]
  2140 | D:3      | Lost mutation: You have a somewhat thin skeletal structure.
                  | (Dex +2, Stealth+) [potion of mutation]
  2140 | D:3      | Lost mutation: Your body sometimes deteriorates upon taking
                  | damage. [potion of mutation]
  2140 | D:3      | Lost mutation: You have hidden genetic defects. [potion of
                  | mutation]
  2140 | D:3      | Gained mutation: You are frail. (-10% HP) [potion of
                  | mutation]
  2140 | D:3      | Gained mutation: You occasionally lose the ability to read
                  | scrolls when taking damage. [potion of mutation]
  2140 | D:3      | Lost mutation: You are frail. (-10% HP) [potion of
                  | mutation]
  2327 | D:4      | Reached XP level 5. HP: 37/41 MP: 0/0
  2327 | D:4      | Learned a level 2 spell: Passwall
  2671 | D:4      | Reached XP level 6. HP: 18/47 MP: 0/0
  3004 | D:4      | Found a basalt altar of Yredelemnul.
  3581 | D:5      | Entered Level 5 of the Dungeon
  3610 | D:5      | HP: 2/48 [centaur/arrow (9)]
  3611 | D:5      | Shot with an arrow by a centaur

Illustrated notes

Levels and vault maps discovered:
D:1:      dpeg_arrival_rooms_with_view, layout_rooms, serial_corexii_hall,
          corexii_hall_statues_x, corexii_hall_statues_i
D:2:      layout_loops_cross, serial_shops, nicolae_shop_advertising_works
          [nicolae_subvault_shop_adworks], nicolae_shop_trees,
          nicolae_shop_stone, basic_altar, shapermc_ecumenical_altar_ellora,
          minmay_circled_x
D:3:      layout_basic, mainiacjoe_overflow_cross_hatched,
          nicolae_wu_jian_glorious_leap, nicolae_qazlal_general_emergency
D:4:      layout_basic, kennysheep_little_box, serial_forest,
          infiniplex_forest_3_way, infiniplex_forest_straight_3,
          infiniplex_forest_lined_1, infiniplex_forest_lined_2,
          infiniplex_forest_clump_small, infiniplex_forest_clump_long,
          infiniplex_forest_end_3, infiniplex_forest_lined_corner,
          kennysheep_pointless_box, st_stairs_10
D:5:      layout_rooms, minmay_temple_entry_statues

Skill      XL: |  1  2  3  4  5 |
---------------+----------------+-----
Spellcasting   | 3 4 |  4.7
Fighting       | 4 |  4.7
Unarmed Combat | |  3.0

Action                   |  1- 3 |  4- 6 || total
-------------------------+-------+-------++-------
Melee: Unarmed           |    22 |     1 ||    23
       Punch             |     1 |       ||     1
 Cast: Scorch            |    32 |    69 ||   101
       Summon Small Mamm |       |     2 ||     2
  Use: Potion            |       |     8 ||     8
       Scroll            |       |     8 ||     8
Armor: Robe              |     4 |     3 ||     7
Dodge: Dodged            |    15 |    13 ||    28
Block: Other             |     1 |     7 ||     8
       Reflection        |       |     4 ||     4

Table legend: (Time is in decaauts)
 A = Elapsed time spent in this place.
 B = Non-inter-level travel time spent in this place.
 C = Inter-level travel time spent in this place.
 D = Time resting spent in this place.
 E = Time spent auto-exploring this place.
 F = Levels seen in this place.
 G = Mean time per level.
                   A        B        C        D        E       F      G
               +--------+--------+--------+--------+--------+-----+--------+
         Total |   3608 |   3500 |    108 |    337 |   2716 |   5 |  721.6 |
       Dungeon |   3608 |   3500 |    108 |    337 |   2716 |   5 |  721.6 |
               +--------+--------+--------+--------+--------+-----+--------+

Top non-repeatable levels by time:
     D:4: 1261 daAuts
     D:2: 906 daAuts
     D:1: 707 daAuts
     D:3: 703 daAuts
     D:5: 29 daAuts
